Arrhythmia, chaotic female vampiric Convict --------- # #........| # --- |.......|#### |. |..%....|### |.- #...)..).)#%#####|.| #-----.---# ##% |.| # # ##)# # |.- # # ###|. # # #%# #|.- #### # #|.| -----.-### #|.| |......# #..|--- |.....|# |.|((| |......# |.|(?| + ------- |.|.(| .---- |.-|------..{.----------|----- | |.....)@@@.....................| -------------------------------- Arrhythmia the Jail-bird Experience level: 8 Strength: 15 Dexterity: 13 Constitution: 18 Intelligence: 12 Wisdom: 9 Charisma: 8 Health: 0(87) Energy: 42(42) AC: 1 Gold: 0 Moves: 4715 Your Inventory: Armor a - a cursed -2 hooded cloak [dwarvish] (being worn) b - a cursed +0 striped shirt (being worn) K - an [uncursed] +0 dwarvish mithril-coat (being worn) L - an [uncursed] +0 hard hat [dwarvish iron helm] (being worn) Z - a [blessed] +2 pair of walking shoes [low] (being worn) Tools f - an [uncursed] bag called Holding [of holding] Iron balls c - an [uncursed] rusty heavy iron ball Contents of the bag of holding: 636 gold pieces an uncursed amulet of life saving an [uncursed +0] runed dagger [elven] a [blessed +3] runed dagger [elven] an [uncursed] +1 hooded cloak [dwarvish] an [uncursed] clove of garlic a [cursed] unlabeled scroll [of blank paper] an [uncursed] clear potion [of water] an [uncursed] quartz ring [of teleport control] an uncursed ring of sustain ability an uncursed wand of secret door detection (0:14) an uncursed wand of striking (0:8) an [uncursed] partly used [wax] candle an [uncursed] magic whistle 2 [uncursed] black gems [worthless glass] 2 [uncursed] blue gems [worthless glass] an [uncursed] green gem [worthless glass] 2 [uncursed] green gems [jade] 2 [uncursed] orange gems [worthless glass] 3 [uncursed] violet gems [worthless glass] an uncursed worthless piece of white glass an uncursed worthless piece of yellow glass Spells known in the end: Name Level Category Fail Memory Your skills at the end: Fighting Skills Weapon Skills sling [Basic / Skilled] Spellcasting Skills Final Attributes: You were piously aligned. Hunger level was 185. Your alignment was 23 / 33. Monster difficulty range was 1 - 8. Level difficulty was 8. You were immune to poison. You were immune to level-drain. You were immune to sickness. You could fly. You could survive without air. You regenerated. Your luck was zero. You are dead. Vanquished creatures: 2 watchmen a leprechaun an owlbear a werewolf 3 chickatrices 3 enormous rats a rock mole 2 ponies 2 fog clouds 3 gnome lords 2 gnomish wizards 3 giant ants a little dog 8 dwarves a kobold lord a kobold shaman a giant bat 5 monkeys 4 orc zombies 2 dwarf zombies a wererat an acid blob 2 coyotes 6 hobbits 3 large kobolds 3 hobgoblins 2 yellow molds 37 gnomes a gnome zombie 5 geckos 2 jackals a kobold 4 goblins 8 sewer rats 6 grid bugs 3 bats 4 lichens 2 kobold zombies 6 newts 144 creatures vanquished. Voluntary challenges: You went without food. You used a wielded weapon 153 times. You read items or engraved 140 times. You put on armor 16 times. You never genocided any monsters. You never polymorphed an object. You never changed form. You used no wishes. You wrote Elbereth's name 93 times. You never encountered a bones level. You never used any Sokoban shortcuts. Dungeon overview: The Dungeons of Doom: levels 1 to 4 Level 1 a long staircase Level 3 an altar Level 4 stairs to The Gnomish Mines The Gnomish Mines: levels 5 to 8 Level 5 (Magic trap) stairs to The Dungeons of Doom Level 7 (magic trap) Level 8 (Tricks in SW shop) <- You were here a tool shop, a fountain History has recorded: On T:1 you entered the Dungeons of Doom to retrieve the Amulet of Yendor! On T:629 you advanced to experience level 2. On T:671 you reached level 2 of The Dungeons of Doom. On T:715 you advanced to experience level 3. On T:1004 you advanced to experience level 4. On T:1356 you reached level 3 of The Dungeons of Doom. On T:1396 you advanced to experience level 5. On T:1835 you reached level 4 of The Dungeons of Doom. On T:1923 you advanced to experience level 6. On T:2383 you reached level 1 of The Gnomish Mines. On T:2986 you advanced to experience level 7. On T:3059 you reached level 2 of The Gnomish Mines. On T:3767 you reached level 3 of The Gnomish Mines. On T:3958 you advanced to experience level 8. On T:4241 you reached level 4 of The Gnomish Mines. Latest messages: The watch captain hits! The watch captain swings her silver saber. The watch captain misses. [HP-12=70] You hit the watch captain. You miss the watch captain. The watch captain swings her silver saber. The silver sears your flesh! The watch captain hits! The watch captain swings her silver saber. The silver sears your flesh! The watch captain hits! The watchman throws a dagger! The dagger misses the watch captain. You are hit by a dagger. You hear the howling of the CwnAnnwn... [HP-63=7] You miss the watch captain. You bite the watch captain. The watch captain swings her silver saber. The silver sears your flesh! The watch captain hits! You die... Final status: Goodbye Arrhythmia the Convict... You died in The Gnomish Mines on dungeon level 8 with 6547 points, and 636 pieces of gold, after 4715 moves. You were level 8 with a maximum of 87 hit points when you died.